 Dungeon Crawl Stone Soup version 0.30-a0-242-g7bf8e6d787 (webtiles) character file.

Game seed: 17872120412205021839

53 zishaf the Trooper (level 3, -2/33 HPs)
             Began as a Ghoul Warper on Oct 11, 2022.
             Slain by a kobold
             ... wielding a +0 dagger of electrocution
              (15 damage)
             ... on level 2 of the Dungeon.
             The game lasted 00:01:53 (1219 turns).

zishaf the Trooper (Ghoul Warper)                   Turns: 1219, Time: 00:01:53

Health: -2/33      AC:  3    Str: 16    XL:     3   Next: 87%
Magic:  4/4        EV: 11    Int:  8    God:
Gold:   105        SH:  0    Dex:  8    Spells: 5/5 levels left

rFire   . . .      SeeInvis .      - Unarmed
rCold   + . .      Faith    .    (no shield)
rNeg    + + +      Spirit   .    a - +0 leather armour
rPois   ∞          Reflect  .    (no helmet)
rElec   .          Harm     .    (no cloak)
rCorr   .          Rampage  .    (no gloves)
Will    .....                    (no boots)
Stlth   +.........               (no amulet)
HPRegen 0.00/turn                (no ring)
MPRegen 0.09/turn                (no ring)

@: inhibited regen
A: claws 1, cold resistance 1, negative energy resistance 3, inhibited
regeneration, torment resistance 2, devour on kill
a: no special abilities


You were on level 2 of the Dungeon.
You visited 1 branch of the dungeon, and saw 2 of its levels.

You collected 105 gold pieces.

Inventory:

Missiles
 c - 7 boomerangs of dispersal (quivered)
Armour
 a - a +0 leather armour (worn)
Scrolls
 b - a scroll of blinking
 e - 5 scrolls of identify {unknown}
 g - a scroll of poison {unknown}
 k - a scroll of teleportation {unknown}
 m - a scroll of noise {unknown}
 o - a scroll of fear {unknown}
Potions
 d - a potion of magic {unknown}
 f - 2 potions of flight {unknown}
 h - a potion of ambrosia {unknown}
 i - a potion of heal wounds {unknown}
 j - a potion of curing {unknown}
 l - a potion of mutation {unknown}
 n - a potion of resistance {unknown}


   Skills:
 * Level 3.7 Fighting
 - Level 1.0 Throwing
 - Level 1.0 Armour
 - Level 2.0 Dodging
 + Level 3.0 Unarmed Combat
 - Level 1.7 Spellcasting
 - Level 2.6 Translocations


You had 5 spell levels left.
You didn't know any spells.
Your spell library contained the following spells:

 Spells                   Type           Power      Damage    Failure   Level
 Apportation              Tloc           10%        N/A       16%         1
 Blink                    Tloc           10%        N/A       22%         2
 Lesser Beckoning         Tloc           10%        N/A       41%         3
 Teleport Other           Tloc           5%         N/A       41%         3
 Ensorcelled Hibernation  Hex/Ice        0%         N/A       56%         2
 Vhi's Electric Charge    Tloc/Air       4%         N/A       61%         3
 Manifold Assault         Tloc           5%         N/A       83%         4
 Anguish                  Hex/Necr       0%         N/A       99%         4
 Alistair's Intoxication  Tmut/Pois      0%         N/A       100%        5
 Spider Form              Tmut/Pois      Unusable   N/A       N/A         3

Dungeon Overview and Level Annotations

Branches:
Dungeon (2/15)

Altars:


Innate Abilities, Weirdness & Mutations

You are immune to poison.
You have sharp fingernails.
Your flesh is cold resistant. (rC+)
You are immune to negative energy. (rN+++)
You do not regenerate when monsters are visible.
You are immune to unholy pain and torment.
You thrive by killing the living.


Message History

You kill the worm!
Your Unarmed Combat skill increases to level 3!
No target in view!
No target in view!
e - 5 scrolls labelled YNEHAT TIVAUZU (gained 1)
A kobold comes into view.
It is wielding a +0 dagger of electrocution.
A kobold is nearby!
You scratch the kobold.
The kobold is moderately wounded.
You scratch the kobold but do no damage.
The kobold is moderately wounded.
The kobold barely misses you.
You scratch the kobold but do no damage.
The kobold is moderately wounded.
The kobold hits you but does no damage.
You miss the kobold.
The kobold is moderately wounded.
The kobold closely misses you.
You barely miss the kobold.
The kobold is moderately wounded.
The kobold hits you but does no damage.
You are electrocuted!
Ouch! That really hurt!
You are too injured to fight recklessly!
You are too injured to fight recklessly!
You are too injured to fight recklessly!
You are too injured to fight recklessly!
You barely miss the kobold.
The kobold is moderately wounded.
The kobold hits you but does no damage.
You closely miss the kobold.
The kobold is moderately wounded.
The kobold hits you but does no damage.
You closely miss the kobold.
The kobold is moderately wounded.
The kobold barely misses you.
You scratch the kobold but do no damage.
The kobold is moderately wounded.
The kobold hits you with a +0 dagger of electrocution.
You are electrocuted!
You die...

..>...# ...##.#
...##.# ......#
#.#####
######### #.#
#....†..# #.#
#.#####.### ..#
#.####.##......#
###
#......@..##.#.#
######K#####)#.#
#. #.#.# ### ..
..#.### ... ...
###...# .....
... .... ###.#
.....#...# ##...
#.# ###.......
#... #.# ......#
#.#


You could see a kobold.

Vanquished Creatures
  2 adders (D:2)
  2 worms (D:2)
  2 ball pythons (D:1)
  2 bats
  5 endoplasms
  2 giant cockroaches
  2 goblins
  A hobgoblin (D:1)
  A frilled lizard (D:1)
  4 kobolds
  7 rats
30 creatures vanquished.

Notes
Turn   | Place    | Note
-------+----------+-------------------------------------------
     0 | D:1      | zishaf the Ghoul Warper began the quest for the Orb.
     0 | D:1      | Reached XP level 1. HP: 17/17 MP: 2/2
    57 | D:1      | Reached skill level 1 in Throwing
    57 | D:1      | Reached skill level 1 in Armour
   181 | D:1      | Reached XP level 2. HP: 23/25 MP: 3/3
   672 | D:2      | Reached XP level 3. HP: 18/31 MP: 4/4
  1219 | D:2      | Slain by a kobold

Illustrated notes

Levels and vault maps discovered:
D:1:      lightli_arrival_statue_moat, layout_basic, chequers_jeans
D:2:      layout_loops_cross

Skill      XL: |  1  2  3 |
---------------+----------+-----
Throwing       | 1 |  1.0
Armour         | 1 |  1.0
Dodging        | 2 |  2.0
Fighting       | 3 |  3.7
Unarmed Combat | 3 |  3.0
Spellcasting   | |  1.7
Translocations | |  2.6

Action                   || total
-------------------------++-------
Melee: Unarmed           ||   126
       Punch             ||     1
Armor: Leather armour    ||    32
Dodge: Dodged            ||    50

Table legend: (Time is in decaauts)
 A = Elapsed time spent in this place.
 B = Non-inter-level travel time spent in this place.
 C = Inter-level travel time spent in this place.
 D = Time resting spent in this place.
 E = Time spent auto-exploring this place.
 F = Levels seen in this place.
 G = Mean time per level.
                   A        B        C        D        E       F      G
               +--------+--------+--------+--------+--------+-----+--------+
         Total |   1212 |   1196 |     16 |      0 |    974 |   2 |  606.0 |
       Dungeon |   1212 |   1196 |     16 |      0 |    974 |   2 |  606.0 |
               +--------+--------+--------+--------+--------+-----+--------+

Top non-repeatable levels by time:
     D:2: 656 daAuts
     D:1: 556 daAuts
